 Dungeon Crawl Stone Soup version 0.27.1 (webtiles) character file.

Game seed: 3748628382673505935

170828 Kinoniko the Swashbuckler (level 17, -5/158 HPs)
             Began as a Demonspawn Berserker on Aug 31, 2021.
             Was the Champion of Trog.
             Killed from afar by a nagaraja (21 damage)
             ... with a poison arrow
             ... on level 4 of the Snake Pit.
             The game lasted 00:48:24 (29800 turns).

Kinoniko the Swashbuckler (Demonspawn Berserker)   Turns: 29800, Time: 00:48:25

Health: -5/158     AC: 31    Str: 21    XL:     17   Next: 38%
Magic:  0/17       EV: 17    Int:  8    God:    Trog [******]
Gold:   966        SH:  0    Dex: 17    Spells: 16/16 levels left

rFire    + + .     SeeInvis +   h - +9 quick blade (spect)
rCold    x x .     Faith    .   (no shield)
rNeg     . . .     Spirit   +   Y - +3 salamander hide armour {Flames rF++ rC--}
rPois    +         Reflect  .   (helmet unavailable)
rElec    .         Harm     .   l - +2 cloak {rPois}
rCorr    .         Rampage  .   r - +2 pair of gloves of Purpose {Regen+}
Will     +++..                  w - +2 pair of boots
Stlth    +.........             Z - amulet "Mimogaef" {rPois Will+ Regen+}
HPRegen  2.36/turn              v - +4 ring of protection
MPRegen  0.30/turn              W - ring of willpower

@: mighty, lethally poisoned (-5 -> -12), weakened, sanguine armoured, on
berserk cooldown, slowed, constricted, studying Short Blades, very slow
A: antennae 3, powered by pain 2, robust 1, magic shield, magic regeneration,
sanguine armour 2
a: Renounce Religion, Berserk, Trog's Hand, Brothers in Arms


You were on level 4 of the Snake Pit.
You worshipped Trog.
Trog was exalted by your worship.
You visited 4 branches of the dungeon, and saw 27 of its levels.
You also visited: Bailey.

You collected 3069 gold pieces.
You spent 2103 gold pieces at shops.

Inventory:

Hand Weapons
 h - a +9 spectral quick blade (weapon)
 j - the +3 rapier of Truth {vorpal, rF+ rN++}
   (You found it on level 4 of the Dungeon)

   It inflicts extra damage upon your enemies.
   rF:        It protects you from fire.
   rN:        It greatly protects you from negative energy.
 K - the +7 rapier of Trauma {vorpal, rF+++ rCorr Int-2 Dex+2}
   (Trog gifted it to you on level 4 of the Snake Pit)

   It inflicts extra damage upon your enemies.
   Int:       It affects your intelligence (-2).
   Dex:       It affects your dexterity (+2).
   rF:        It renders you almost immune to fire.
   rCorr:     It protects you from acid and corrosion.
 X - the +9 great sword of the Candle {vorpal, +Blink rPois rF+}
   (Trog gifted it to you on level 14 of the Dungeon)

   It inflicts extra damage upon your enemies.
   rF:        It protects you from fire.
   rPois:     It protects you from poison.
   +Blink:    It lets you blink.
Missiles
 G - 4 throwing nets (quivered)
Armour
 l - a +2 cloak of poison resistance (worn)
 r - the +2 pair of gloves of Purpose (worn) {Regen+}
   (You bought it in a shop on level 7 of the Dungeon)

   Regen:     It increases your rate of health regeneration.
 w - a +2 pair of boots (worn)
 A - the +3 ring mail of the Buccaneer {-Cast Fly rN+}
   (You took it off a kobold in a bailey)

   rN:        It protects you from negative energy.
   Fly:       It grants you flight.
   -Cast:     It prevents spellcasting.
 Y - the +3 salamander hide armour (worn) {Flames rF++ rC--}
   (You bought it in a shop on level 2 of the Orcish Mines)

   It surrounds you with a cloud of flames.
   It grants immunity to clouds of flame.
   It enhances your fire magic.
   rF:        It greatly protects you from fire.
   rC:        It makes you very vulnerable to cold.
Jewellery
 m - a ring of protection from fire
 v - a +4 ring of protection (left hand)
 D - a ring of resist corrosion
 J - a +6 ring of dexterity
 N - a ring of flight
 R - an amulet of the acrobat
 W - a ring of willpower (right hand)
 Z - the amulet "Mimogaef" (around neck) {rPois Will+ Regen+}
   (You bought it in a shop on level 2 of the Orcish Mines)

   [amulet of regeneration]

   rPois:     It protects you from poison.
   Regen:     It increases your rate of health regeneration.
   Will:      It increases your willpower.
Wands
 i - a wand of digging (15)
 n - a wand of flame (69)
 p - a wand of mindburst (26)
 t - a wand of iceblast (26)
 y - a wand of paralysis (19)
 B - a wand of polymorph (11)
Scrolls
 d - a scroll of enchant armour
 k - 3 scrolls of enchant weapon
 q - 7 scrolls of fog
 x - 3 scrolls of blinking
 C - 5 scrolls of fear
 E - 2 scrolls of brand weapon
 F - 7 scrolls of teleportation
 O - 6 scrolls of magic mapping
 S - 2 scrolls of torment
 T - a scroll of silence
 U - a scroll of immolation
 V - a scroll of holy word
Potions
 a - a potion of degeneration {unknown}
 b - a potion of attraction {unknown}
 c - 3 potions of might
 e - a potion of brilliance
 f - 8 potions of flight
 g - 4 potions of lignification
 o - 9 potions of curing
 s - 4 potions of resistance
 u - 3 potions of berserk rage {unknown}
 z - 2 potions of mutation
 H - 5 potions of heal wounds
 I - 3 potions of ambrosia {unknown}
 L - 2 potions of magic
 P - 2 potions of haste
Miscellaneous
 M - a tin of tremorstones (2/2)


   Skills:
 - Level 16.3 Fighting
 - Level 18.4 Short Blades
 + Level 12.0 Armour
 * Level 14.0 Dodging


You had 16 spell levels left.
You didn't know any spells.
Your spell library was empty.

Dungeon Overview and Level Annotations

Branches:
Dungeon (15/15)            Temple (0/1) D:6            Lair (6/6) D:11
  Swamp (0/4) Lair:4        Snake (4/4) Lair:4        Slime (0/5) Lair:6
    Orc (2/2) D:9             Elf (0/3) Orc:2        Vaults (0/5) D:14
 Depths (0/5) D:15         Bailey (visited)

Altars:
Ashenzari
Cheibriados
Dithmenos
Elyvilon
Fedhas
Makhleb
Nemelex Xobeh
Qazlal
Vehumet
Xom
Yredelemnul
Zin
Beogh
Jiyva

Shops:
D:7 ?[[:   Orc:1 (*!   Orc:2 [*=*[

Annotations:
D:6 1 runed translucent door


Innate Abilities, Weirdness & Mutations

You have a pair of large antennae on your head. (SInv)
You sometimes gain power by taking damage.
You are robust. (+10% HP)
When hurt, damage is shared between your health and your magic reserves.
You regenerate magic rapidly.
When seriously injured, your bleeding wounds create thick armour. (AC +9)


Message History

The nagaraja is engulfed in blazing flames.
The nagaraja spits poison at you. The splash of poison misses you.
The splash of poison hits the salamander!
The salamander is poisoned.
The nagaraja's attack snaps the salamander out of its fear.
The nagaraja constricts you.
* * * LOW HITPOINT WARNING * * *
The nagaraja is engulfed in blazing flames.
The nagaraja spits poison at you. The splash of poison hits you. You resist.
* * * LOW HITPOINT WARNING * * *
The salamander misses you.
The salamander hits you with a +0 halberd.
* * * LOW HITPOINT WARNING * * *
You are engulfed in flames.
You resist.
* * * LOW HITPOINT WARNING * * *
The nagaraja is engulfed in blazing flames.
The nagaraja gestures at you while chanting.
The poison arrow hits you!
You are more poisoned.
You partially resist.
* * * LOW HITPOINT WARNING * * *
The nagaraja constricts you.
Unknown command.
Unknown command.
Unknown command.
Unknown command.
Unknown command.
Unknown command.
Okay, then.
You feel much better.
You feel very sick.
The salamander mystic looks more healthy.
The nagaraja is engulfed in blazing flames.
The nagaraja gestures at you while chanting.
The poison arrow hits you!!
You are more poisoned.
You partially resist.
You die... ....#))....## ...##)....##§.≈≈§§≈≈.. ##.##....##≈≈.≈≈≈§§§§# ..####.#.#≈≈≈§..≈§§≈.# ###.##...##§≈≈§S..§.. ....#.#)#.# ≈≈≈§≈≈≈. ....##...## #≈.≈≈# ....##...### #NNN#

.....##....## #○@#
......##....###NN#
.......####...)N##
###'#..)..##.N.##
....'......######
....#...........#
....#..........##
##+##..........#
........)....###


You could see 2 nagarajas, a salamander mystic, 4 salamanders and a guardian
serpent (fleeing).

Vanquished Creatures
  5 nagarajas
  A very ugly thing (D:15)
  3 dire elephants (Lair:6)
  An ettin (Orc:2)
  15 naga warriors
  2 rakshasas (D:15)
  3 boulder beetles
  5 salamander tyrants
  The ghost of MacCMillion the Severer, a journeyman HOFi of Beogh (D:11)
  A vault guard (D:14)
  11 hydras
  4 centaur warriors
  Erica (Lair:1)
  A catoblepas (Lair:6)
  11 anacondas
  3 two-headed ogres
  A dancing weapon (D:11)
  4 death yaks
  Urug (Lair:2)
  2 tengu warriors
  An orc high priest (Orc:2)
  6 shock serpents
  12 naga sharpshooters
  Sonja (Lair:1)
  3 sea snakes (Snake:2)
  3 salamander mystics
  A spectral anaconda (Lair:6)
  A glowing orange brain (D:15)
  An obsidian statue (Lair:6)
  A wizard (D:14)
  5 mana vipers
  3 naga ritualists
  2 necromancers (Lair:6)
  4 deep elf pyromancers
  5 oklob plants
  10 orc knights
  6 cyclopes
  20 ugly things
  4 manticores
  21 salamanders
  16 elephants
  26 black mambas
  5 guardian serpents
  Joseph (D:7)
  3 gargoyles
  10 naga magi
  A cane toad (shapeshifter) (D:15)
  10 cane toads
  A rime drake (Lair:4)
  Psyche (D:9)
  An efreet (D:15)
  2 unseen horrors
  A tengu conjurer (D:15)
  A freezing wraith (D:14)
  3 kobold demonologists
  12 komodo dragons
  A troll (shapeshifter) (D:15)
  2 polar bears
  A hornet (D:8)
  8 trolls
  18 blink frogs
  Prince Ribbit (D:8)
  A blink frog (shapeshifter) (D:14)
  A hornet (shapeshifter) (D:15)
  6 dream sheep (Lair:4)
  6 slime creatures
  A spectral elephant (Lair:6)
  Sigmund (D:2)
  A wraith (D:10)
  2 wyverns
  2 vampires (D:14)
  4 basilisks
  26 yaks
  3 steam dragons
  8 wargs
  2 death yak simulacra (Lair:6)
  42 nagas
  A spectral cane toad (Lair:6)
  8 water moccasins
  An elephant zombie (Lair:6)
  2 black bears
  52 orc warriors
  2 necrophages
  4 boggarts (Lair:4)
  An elephant skeleton (Lair:6)
  6 ogres
  13 wolves
  19 centaurs
  3 kobold brigands
  10 bullfrogs
  A scorpion (D:7)
  2 water moccasin zombies (D:7)
  A water moccasin skeleton (D:4)
  14 wights
  An elephant simulacrum (Lair:6)
  14 killer bees
  5 electric eels
  4 howler monkeys (D:8)
  A crimson imp (D:9)
  A jelly (D:4)
  2 centaur zombies
  3 hounds
  17 orc priests
  Crazy Yiuf (D:5)
  A centaur skeleton (D:6)
  A human skeleton (D:6)
  4 iguanas
  22 orc wizards
  A hound skeleton (D:5)
  6 adders
  2 gnolls
  A howler monkey skeleton (D:4)
  2 ufetubi
  3 worms (D:2)
  A dart slug (D:5)
  94 orcs
  3 bats
  9 endoplasms
  5 giant cockroaches
  16 goblins
  12 hobgoblins
  12 jackals
  11 quokkas
  8 ball pythons
  3 frilled lizards
  A jackal zombie (D:6)
  21 kobolds
  2 rats (D:1)
  A bush (Lair:4)
848 creatures vanquished.

Vanquished Creatures (collateral kills)
  A slime creature (D:12)
  3 dire elephants (Lair:6)
  2 naga warriors
  A boulder beetle (D:11)
  A salamander (Snake:1)
  A necromancer (Lair:6)
  A wyvern (D:8)
  A yak (D:8)
  A naga (Snake:2)
  2 orc warriors (Orc:2)
  3 wights (D:8)
  2 electric eels (Lair:4)
  A centaur zombie (D:8)
  A jelly (D:8)
  A howler monkey zombie (D:8)
  7 orcs
  A kobold (Bailey)
30 creatures vanquished.

Vanquished Creatures (others)
  A cane toad (Lair:6)
  An orc (D:7)
  14 fungi
  46 plants
  21 withered plants (Lair:6)
83 creatures vanquished.

Grand Total: 961 creatures vanquished

Notes
Turn   | Place    | Note
-------+----------+-------------------------------------------
     0 | D:1      | Kinoniko the Demonspawn Berserker began the quest for the
                  | Orb.
     0 | D:1      | Reached XP level 1. HP: 18/18 MP: 1/1
   113 | D:1      | Reached skill level 3 in Short Blades
   252 | D:1      | Gained mutation: You have a pair of small antennae on your
                  | head. [demonic ancestry]
   252 | D:1      | Reached XP level 2. HP: 24/24 MP: 2/2
   446 | D:1      | Found a faded altar of an unknown god.
  1172 | D:1      | Gained mutation: You sometimes gain a little power by
                  | taking damage. [demonic ancestry]
  1172 | D:1      | Reached XP level 3. HP: 14/29 MP: 3/3
  1385 | D:1      | Reached ** piety under Trog
  1442 | D:1      | Reached skill level 4 in Short Blades
  2205 | D:2      | Noticed Sigmund
  2212 | D:2      | Killed Sigmund
  2213 | D:2      | Reached skill level 5 in Short Blades
  2213 | D:2      | Gained mutation: You regenerate magic rapidly. [demonic
                  | ancestry]
  2213 | D:2      | Reached XP level 4. HP: 35/35 MP: 4/4
  2213 | D:2      | Reached XP level 5. HP: 41/41 MP: 5/5
  2915 | D:3      | You fall into a shaft and drop 2 floors!
  2915 | D:5      | Entered Level 5 of the Dungeon
  3099 | D:4      | Reached skill level 6 in Short Blades
  3159 | D:4      | Found a shadowy altar of Dithmenos.
  3188 | D:4      | Gained mutation: You sometimes gain power by taking damage.
                  | [demonic ancestry]
  3188 | D:4      | Reached XP level 6. HP: 38/47 MP: 6/6
  3269 | D:3      | Reached *** piety under Trog
  3294 | D:3      | Found a radiant altar of Vehumet.
  4367 | D:4      | Identified the +3 rapier of Truth {vorpal, rF+ rN++}
  4656 | D:4      | Noticed an angel
  4948 | D:5      | Reached skill level 7 in Short Blades
  4982 | D:5      | Gained mutation: You have a pair of antennae on your head.
                  | [demonic ancestry]
  4982 | D:5      | Reached XP level 7. HP: 35/52 MP: 7/7
  5188 | D:5      | Found a runed translucent door.
  5189 | D:5      | Noticed Crazy Yiuf
  5199 | D:5      | Killed Crazy Yiuf
  5338 | D:5      | Found a sparkling altar of Nemelex Xobeh.
  5414 | D:5      | Reached skill level 8 in Short Blades
  5687 | D:5      | Found a snail-covered altar of Cheibriados.
  5986 | D:6      | Found a runed translucent door.
  5986 | D:6      | Noticed a human
  6254 | D:6      | Found a blossoming altar of Fedhas.
  6314 | D:6      | Found a basalt altar of Yredelemnul.
  6437 | D:6      | Reached skill level 9 in Short Blades
  6437 | D:6      | Gained mutation: When seriously injured, your bleeding
                  | wounds create armour. (AC +9) [demonic ancestry]
  6437 | D:6      | Reached XP level 8. HP: 58/58 MP: 8/8
  6531 | D:6      | Found a staircase to the Ecumenical Temple.
  6539 | D:6      | Reached **** piety under Trog
  6789 | D:7      | Found Rog Mou's Armour Boutique.
  6818 | D:7      | Bought the +2 pair of gloves of Purpose {Regen+} for 279
                  | gold pieces
  6966 | D:7      | Found Bittopn's Magic Scroll Shoppe.
  6996 | D:7      | Noticed a manticore
  7112 | D:7      | Found a broken altar of Ashenzari.
  7131 | D:7      | Reached skill level 10 in Short Blades
  7193 | D:7      | Noticed Joseph
  7207 | D:7      | Killed Joseph
  7259 | D:7      | Reached skill level 11 in Short Blades
  7259 | D:7      | Gained mutation: When seriously injured, your bleeding
                  | wounds create thick armour. (AC +9) [demonic ancestry]
  7259 | D:7      | Reached XP level 9. HP: 63/63 MP: 9/9
  7290 | D:7      | Found Puacvutu's Book Emporium.
  7480 | D:7      | Found Neovatay's Armour Boutique.
  7651 | D:7      | Killed a manticore
  8078 | D:8      | Found a flagged portal.
  8096 | D:8      | Reached skill level 5 in Fighting
  8096 | D:8      | Reached skill level 12 in Short Blades
  8143 | Bailey   | Entered a bailey
  8168 | Bailey   | Noticed an orc knight
  8194 | Bailey   | Identified the +3 ring mail of the Buccaneer {-Cast Fly
                  | rN+}
  8304 | Bailey   | Noticed an orc knight
  8318 | Bailey   | Killed an orc knight
  8319 | Bailey   | Reached XP level 10. HP: 76/76 MP: 10/10
  8400 | Bailey   | Killed an orc knight
  9115 | D:8      | Noticed Prince Ribbit
  9130 | D:8      | Killed Prince Ribbit
  9505 | D:8      | Reached skill level 13 in Short Blades
  9992 | D:9      | Noticed a sun demon
  9993 | D:9      | Noticed a soul eater
 10276 | D:9      | Found a shimmering altar of Xom.
 10276 | D:9      | Found a burning altar of Makhleb.
 10322 | D:9      | Reached XP level 11. HP: 86/86 MP: 11/11
 10326 | D:9      | Found a staircase to the Orcish Mines.
 10326 | D:9      | Noticed Psyche
 10422 | D:9      | Killed Psyche
 10536 | D:9      | Identified the +12 whip of Exoneration {elec, +Blink Int+4}
 10629 | D:9      | Reached skill level 14 in Short Blades
 10995 | D:10     | Entered Level 10 of the Dungeon
 11017 | D:10     | Reached ***** piety under Trog
 11165 | D:10     | Noticed a two-headed ogre
 11176 | D:10     | Killed a two-headed ogre
 11461 | D:10     | Found a stormy altar of Qazlal.
 11957 | D:11     | Found a staircase to the Lair.
 12512 | D:11     | Found a runed translucent door.
 12512 | D:11     | Found a shimmering altar of Xom.
 12512 | D:11     | Noticed MacCMillion's ghost (journeyman HOFi)
 12512 | D:11     | Noticed a +1 mace of chaos
 12762 | D:11     | Noticed a two-headed ogre
 12765 | D:11     | Noticed a boulder beetle
 12771 | D:11     | Killed a two-headed ogre
 12787 | D:11     | Killed a boulder beetle
 13015 | Lair:1   | Entered Level 1 of the Lair of Beasts
 13318 | Lair:1   | Noticed Sonja
 13324 | Lair:1   | Killed Sonja
 13325 | Lair:1   | Reached skill level 10 in Fighting
 13325 | Lair:1   | Gained mutation: You have a pair of large antennae on your
                  | head. (SInv) [demonic ancestry]
 13325 | Lair:1   | Reached XP level 12. HP: 97/97 MP: 12/12
 13378 | Lair:1   | Noticed Erica
 13388 | Lair:1   | Killed Erica
 13821 | Lair:2   | Found a dark tunnel.
 13859 | Lair:2   | Noticed Urug
 13873 | Lair:2   | Killed Urug
 14273 | Lair:2   | Identified the +4 flail of Gozag {vorpal, rN+ Int-4 Dex+4}
 14292 | Lair:2   | Identified a scroll of acquirement
 14292 | Lair:2   | Acquired a manual of Short Blades
 14297 | Lair:2   | Noticed a boulder beetle
 14312 | Lair:2   | Killed a boulder beetle
 14313 | Lair:2   | Reached skill level 15 in Short Blades
 15367 | Lair:3   | Received a gift from Trog
 15541 | Lair:4   | Found a staircase to the Snake Pit.
 15621 | Lair:4   | Noticed a five-headed hydra
 15636 | Lair:4   | Killed a five-headed hydra
 15637 | Lair:4   | Reached skill level 5 in Dodging
 15728 | Lair:4   | Reached skill level 5 in Armour
 15833 | Lair:4   | Noticed a death yak
 15851 | Lair:4   | Noticed a death yak
 15854 | Lair:4   | Killed a death yak
 15855 | Lair:4   | Noticed a death yak
 15907 | Lair:4   | Noticed a death yak
 15921 | Lair:3   | Killed a death yak
 15939 | Lair:4   | Killed a death yak
 15946 | Lair:4   | Killed a death yak
 16068 | Lair:4   | Reached XP level 13. HP: 107/107 MP: 13/13
 16489 | Lair:4   | Found a staircase to the Swamp.
 17039 | Lair:5   | Reached skill level 16 in Short Blades
 17679 | Lair:6   | Entered Level 6 of the Lair of Beasts
 17784 | Lair:6   | Received a gift from Trog
 17986 | Lair:6   | Noticed a dire elephant
 17986 | Lair:6   | Noticed a dire elephant
 17986 | Lair:6   | Noticed a dire elephant
 17986 | Lair:6   | Noticed a dire elephant
 18002 | Lair:6   | Noticed a dire elephant
 18023 | Lair:6   | Killed a dire elephant
 18441 | Lair:6   | Gained mutation: When hurt, damage is shared between your
                  | health and your magic reserves. [demonic ancestry]
 18441 | Lair:6   | Reached XP level 14. HP: 118/118 MP: 14/14
 18975 | Lair:6   | Found a viscous altar of Jiyva.
 18975 | Lair:6   | Found a staircase to the Slime Pits.
 19846 | D:11     | Killed MacCMillion's ghost
 20032 | D:12     | Reached skill level 17 in Short Blades
 21452 | D:14     | Found a radiant altar of Vehumet.
 21807 | D:14     | Gained mutation: You are robust. (+10% HP) [demonic
                  | ancestry]
 21807 | D:14     | Reached XP level 15. HP: 139/139 MP: 15/15
 21818 | D:14     | Identified the +9 great sword of the Candle {vorpal, +Blink
                  | rPois rF+} (Trog gifted it to you on level 14 of the
                  | Dungeon)
 21818 | D:14     | Received a gift from Trog
 21831 | D:14     | Reached skill level 15 in Fighting
 22037 | D:14     | Found a gate to the Vaults.
 22256 | Orc:1    | Entered Level 1 of the Orcish Mines
 22272 | Orc:1    | You are sucked into a shaft and drop 1 floor!
 22272 | Orc:2    | Entered Level 2 of the Orcish Mines
 22564 | Orc:1    | Found Kufod's Distillery.
 22615 | Orc:1    | Bought a potion of curing for 36 gold pieces
 22615 | Orc:1    | Bought a potion of curing for 36 gold pieces
 22615 | Orc:1    | Bought a potion of curing for 36 gold pieces
 22615 | Orc:1    | Bought a potion of curing for 36 gold pieces
 22615 | Orc:1    | Bought a potion of heal wounds for 60 gold pieces
 22648 | Orc:1    | Found Godeleul's Weapon Boutique.
 22908 | Orc:1    | Found Xoschoh's General Store.
 23049 | Orc:2    | Received a gift from Trog
 23060 | Orc:2    | Found Fetwaiku's Armour Shop.
 23077 | Orc:2    | Found a staircase to the Elven Halls.
 23419 | Orc:2    | Found Xyfammer's Jewellery Boutique.
 23419 | Orc:2    | Found Xodghacka's General Store.
 23729 | Orc:2    | Received a gift from Trog
 24118 | Orc:2    | Found Ymnoi's Armour Boutique.
 24118 | Orc:2    | Found Xidic's General Store.
 24124 | Orc:2    | Bought the +3 salamander hide armour {Flames rF++ rC--} for
                  | 448 gold pieces
 24124 | Orc:2    | Found the +3 salamander hide armour {Flames rF++ rC--}
 24234 | Orc:2    | Bought the amulet "Mimogaef" {rPois Will+ Regen+} for 655
                  | gold pieces
 24253 | Orc:2    | Bought a potion of heal wounds for 55 gold pieces
 24253 | Orc:2    | Bought a scroll of identify for 22 gold pieces
 24253 | Orc:2    | Bought a condenser vane for 440 gold pieces
 24749 | D:15     | Entered Level 15 of the Dungeon
 24757 | D:15     | Reached skill level 18 in Short Blades
 24956 | D:15     | Paralysed by a hornet for 1 turns
 25198 | D:15     | Found a staircase to the Depths.
 25544 | D:15     | Reached skill level 10 in Dodging
 25802 | Snake:1  | Entered Level 1 of the Snake Pit
 25957 | Snake:1  | Received a gift from Trog
 26289 | Snake:1  | Reached XP level 16. HP: 122/151 MP: 12/16
 26436 | Snake:1  | HP: 10/226 [naga warrior (25)]
 26699 | Snake:2  | Acquired a +4 ring of protection
 26750 | Snake:2  | Reached skill level 10 in Armour
 27161 | Snake:2  | Identified the +7 trident "Teisow" {drain, Int+4}
 28444 | Snake:3  | Acquired a +5 quick blade
 28508 | Snake:4  | Entered Level 4 of the Snake Pit
 28546 | Snake:4  | Reached ****** piety under Trog
 28861 | Snake:4  | Identified the +7 rapier of Trauma {vorpal, rF+++ rCorr
                  | Int-2 Dex+2} (Trog gifted it to you on level 4 of the Snake
                  | Pit)
 28861 | Snake:4  | Received a gift from Trog
 29087 | Snake:4  | Reached XP level 17. HP: 158/158 MP: 17/17
 29799 | Snake:4  | HP: 1/158 [nagaraja/poison arrow (8)]
 29800 | Snake:4  | Killed from afar by a nagaraja

Illustrated notes

Levels and vault maps discovered:
D:1:      shiori_arrival_elements, layout_basic,
          hellmonk_ecumenical_altar_heavens_door, minmay_3d_cube
D:2:      layout_loops_cross, uniq_sigmund
D:3:      layout_loops_corners, nicolae_vehumet_altar_sigil
D:4:      layout_basic, zin_angel, nicolae_dithmenos_through_a_glass_darkly,
          serial_glass, glass_columns_b, glass_columns_c, glass_columns_c,
          glass_columns_a, glass_columns_a, glass_columns_c, glass_columns_a,
          glass_columns_b, minmay_checkerbox
D:5:      layout_cave_pools, marbit_many_paths, lemuel_tele_altar,
          kennysheep_generic_room_14, uniq_crazy_yiuf_cottage
D:6:      layout_loops_ring, mainiacjoe_overflow_alcove_4,
          dk_yredelemnul_ordeal, minmay_temple_entry_large_hall
D:7:      layout_rooms, nicolae_overflow_hidden_temple, lemuel_round_altar,
          serial_shops, nicolae_shop_crystal, shop_statue, shop_statue,
          nicolae_shop_statue_plus, uniq_joseph
D:8:      minmay_bubble_buster, layout_layer_cave, enter_bailey_5,
          uniq_prince_ribbit1
D:9:      layout_cave_pools, grunt_temple_overflow_champion_of_chaos,
          erik_orc_3, skrybe_limestone_x, uniq_psyche
D:10:     layout_loops_ring, general_overflow_altar, grunt_ministairs_9
D:11:     layout_cave_pods, lair_entry_dummy, ebering_ghost_xom
D:12:     layout_gridville
D:13:     layout_long_grid, chequers_serial_rivers_micro_a
D:14:     layout_rooms, david_vaults_5, old_standard_altar
D:15:     gammafunk_enter_depths_forms, layout_basic, amcnicky_mini_pool_small
Lair:1:   layout_concentric_octagons, uniq_erica, uniq_sonja
Lair:2:   layout_cave_pods, nicolae_volcano_entry_lava_flow,
          serial_bayou_pond_d, uniq_urug
Lair:3:   layout_roguey
Lair:4:   layout_misc_corridors, minmay_swamp_entry_eels,
          guppyfry_snake_entry_garden, minmay_lair_oklob_bushes,
          kilobyte_rumbling_trees
Lair:5:   layout_roguey, chequers_serial_rivers_micro_c,
          infiniplex_staircase_pool_2, lemuel_fruit_fields
Lair:6:   due_jungle_book, layout_cave_pods, dpeg_slime_entry_enclosed_altar,
          eino_small_chamber_without_monster, minmay_lair_oklob_chamber
Snake:1:  layout_onion, grunt_megastairs_4
Snake:2:  layout_onion_interference, nicolae_snake_shapes, serial_bayou_shore_a
Snake:3:  layout_grid_maze, grunt_megastairs_1
Snake:4:  grunt_snake_rune_pools, layout_cave_town, basic_altar,
          grunt_megastairs_2
Orc:1:    layout_diamond_mine, serial_shops, shop_fountains,
          nicolae_shop_statue_plus, nicolae_lakefront_shop, lemuel_statue_altar
Orc:2:    st_orc_town, layout_diamond_mine, basic_altar, serial_shops, shop

Skill      XL: |  1  2  3  4  5  6  7  8  9 10 11 12 13 14 15 16 17 |
---------------+----------------------------------------------------+-----
Short Blades   | 3 5 6 7 9 11 12 13 14 15 16 17 18 | 18.4
Fighting       | 5 7 10 11 13 14 16 | 16.3
Armour         | 3 5 7 8 9 11 12 | 12.0
Dodging        | 3 5 7 8 10 13 14 | 14.0

Action                   |  1- 3 |  4- 6 |  7- 9 | 10-12 | 13-15 | 16-18 || total
-------------------------+-------+-------+-------+-------+-------+-------++-------
Melee: Short sword       |   148 |   179 |       |       |       |       ||   327
       Rapier            |       |    32 |   274 |   752 |  1963 |   328 ||  3349
       Unarmed           |       |       |       |     9 |       |       ||     9
       Quick blade       |       |       |       |       |       |   314 ||   314
Invok: Berserk           |     4 |       |    10 |    31 |    34 |    13 ||    92
       Brothers in Arms  |       |       |     1 |     4 |     4 |     3 ||    12
       Trog's Hand       |       |       |       |     1 |     1 |     1 ||     3
  Use: Scroll            |       |     5 |     3 |    14 |    14 |     8 ||    44
       Potion            |       |       |     1 |       |       |     2 ||     3
 Stab: Petrified         |       |       |       |       |     1 |       ||     1
       Distracted        |       |       |       |       |       |     8 ||     8
       Sleeping          |       |       |       |       |       |     1 ||     1
Armor: Animal skin       |    10 |       |       |       |       |       ||    10
       Ring mail         |    12 |    53 |    46 |   224 |   578 |       ||   913
       Steam dragon scal |       |       |    59 |     1 |       |       ||    60
       Skin              |       |       |       |    11 |       |       ||    11
       Leather armour    |       |       |       |       |    45 |   182 ||   227
Dodge: Dodged            |    82 |    99 |   191 |   278 |  1055 |   354 ||  2059
